 Dungeon Crawl Stone Soup version 0.29-a0-330-g52719c12eb (webtiles) character file.

Game seed: 178021611650213808

30 kae the Sneak (level 3, -5/16 HPs)
             Began as a Spriggan Enchanter on Apr 23, 2022.
             Slain by an orc
             ... wielding a +5 flail
              (12 damage)
             ... on level 2 of the Dungeon.
             The game lasted 00:01:08 (1646 turns).

kae the Sneak (Spriggan Enchanter)                  Turns: 1646, Time: 00:01:09

Health: -5/16      AC:  2    Str:  4    XL:     3   Next: 3%
Magic:  4/8        EV: 17    Int: 18    God:
Gold:   32         SH:  0    Dex: 15    Spells: 6/8 levels left

rFire   . . .      SeeInvis +   a - +1 dagger
rCold   . . .      Faith    .   (no shield)
rNeg    . . .      Spirit   .   b - +0 robe
rPois   .          Reflect  .   (helmet restricted)
rElec   .          Harm     .   (no cloak)
rCorr   .          Rampage  .   (gloves unavailable)
Will    .....                   (boots unavailable)
Stlth   +++.......              (no amulet)
HPRegen 0.05/turn               (no ring)
MPRegen 0.11/turn               (no ring)

@: very quick
A: very small, no large weapons, unfitting armour, see invisible, speed 3
a: no special abilities


You were on level 2 of the Dungeon.
You visited 1 branch of the dungeon, and saw 2 of its levels.

You collected 32 gold pieces.

Inventory:

Hand Weapons
 a - a +1 dagger (weapon)
Armour
 b - a +0 robe (worn)
Scrolls
 e - a scroll of teleportation {unknown}
 g - 2 scrolls of identify {unknown}
 h - a scroll of immolation {unknown}
 k - a scroll of holy word {unknown}
Potions
 c - 2 potions of invisibility
 d - 3 potions of lignification {unknown}
 f - a potion of mutation {unknown}
 i - a potion of ambrosia {unknown}
 j - a potion of might {unknown}
 l - a potion of heal wounds {unknown}


   Skills:
 * Level 2.1 Short Blades
 + Level 3.0 Dodging
 + Level 4.7 Stealth
 + Level 3.0 Spellcasting
 + Level 3.9 Hexes
 * Level 0.4 Ice Magic


You had 6 spell levels left.
You knew the following spells:

 Your Spells              Type           Power      Damage    Failure   Level
a - Ensorcelled Hibernat  Hex/Ice        20%        N/A       10%         2

Your spell library contained the following spells:

 Spells                   Type           Power      Damage    Failure   Level
 Confusing Touch          Hex            16%        N/A       10%         3
 Tukima's Dance           Hex            16%        N/A       10%         3
 Dazzling Flash           Conj/Hex       18%        N/A       22%         3
 Passage of Golubria      Tloc           2%         N/A       85%         4
 Yara's Violent Unravell  Hex/Tmut       4%         3d4       90%         5


Dungeon Overview and Level Annotations

Branches:
Dungeon (2/15)

Altars:
Trog

Shops:
D:1 [:!(*


Innate Abilities, Weirdness & Mutations

You are very small and have problems with some larger weapons.
You are too small for most types of armour.
You have supernaturally acute eyesight. (SInv)
You cover ground extremely quickly. (Speed+++)


Message History

The orc shouts!
You hear a shout!
An orc comes into view. It is wielding a +0 club.
The orc shouts!
You hear an angry hiss.
There are monsters nearby!
Unknown command.
No target in view!
No target in view!
A frilled lizard and an orc come into view.
The orc closely misses you.
The frilled lizard hisses angrily.
You hit the orc but do no damage. The orc misses you.
The orc closely misses you.
You hit the orc but do no damage. The orc barely misses you. x2
You closely miss the orc. You hit the orc.
The orc is lightly wounded.
The orc closely misses you. The orc hits you with a +0 club.
You hit the orc.
The orc is severely wounded.
You barely miss the orc.
The orc is severely wounded.
The orc hits you but does no damage. The orc hits you with a +5 flail!
You are too injured to fight recklessly!
You are too injured to fight recklessly!
Casting: Ensorcelled Hibernation (safe; 10% risk of failure)
Confirm with . or Enter, or press ? or * to list all spells.
Aiming: Ensorcelled Hibernation (safe; 10% risk of failure)
Press: ? - help, Shift-Dir - straight line, f - orc
Aim: an orc, wielding a +5 flail (severely wounded, chance to affect: 62%)
The orc resists with significant effort.
The orc closely misses you.
Casting: Ensorcelled Hibernation (safe; 10% risk of failure)
Confirm with . or Enter, or press ? or * to list all spells.
Aiming: Ensorcelled Hibernation (safe; 10% risk of failure)
Press: ? - help, Shift-Dir - straight line, f/p - orc
Aim: an orc, wielding a +5 flail (severely wounded, chance to affect: 62%)
The orc resists with significant effort.
The orc hits you with a +5 flail!
Ouch! That really hurt!
You die...

##. #...#.####
..######.....(...
#.#..##†#.###.##
..#.##..#.# #..#
..#.#...#.####.##
#
..#[.####.......#
.# ..#.##
######..## ..#
#..## #...#
###..## ..##
#.#@# ....... .##
#.#o##.l..... .#
..#oo#....... .#
####.o..l...# .#
#..####.... .#
#..# . .######
#..# ......# #...
......# #.#.


You could see 4 orcs.

Vanquished Creatures
  3 dart slugs (D:1)
  4 ball pythons
  2 bats
  3 giant cockroaches (D:1)
  3 hobgoblins (D:1)
  2 frilled lizards (D:1)
  3 goblins (D:1)
  A rat (D:2)
21 creatures vanquished.

Notes
Turn   | Place    | Note
-------+----------+-------------------------------------------
     0 | D:1      | kae the Spriggan Enchanter began the quest for the Orb.
     0 | D:1      | Reached XP level 1. HP: 9/9 MP: 5/5
   280 | D:1      | Found a bloodstained altar of Trog.
   330 | D:1      | Reached XP level 2. HP: 9/13 MP: 6/6
   333 | D:1      | Learned a level 2 spell: Ensorcelled Hibernation
   407 | D:1      | Found Gurix's Book Shoppe.
   779 | D:1      | Found Jipp's Antique Armour Shop.
   856 | D:1      | Found Ivvosch's Assorted Antiques.
   978 | D:1      | Found Jinigrub's Weapon Emporium.
  1082 | D:1      | Found Neihuen's Distillery.
  1571 | D:2      | Reached XP level 3. HP: 16/16 MP: 8/8
  1646 | D:2      | Slain by an orc

Illustrated notes

Levels and vault maps discovered:
D:1:      dpeg_arrival_rhombus, layout_loops_corners, serial_shops,
          nicolae_shop_statue_plus, nicolae_shop_stone, nicolae_shop_crystal,
          shop, shop, chequers_serial_rivers_large_a, minmay_hexomino_r4
D:2:      layout_basic, minmay_cut_off, uniq_natasha, uniq_terence, uniq_jessica

Skill      XL: |  1  2 |
---------------+-------+-----
Dodging        | 3 |  3.0
Short Blades   | 2 |  2.1
Spellcasting   | 3 |  3.0
Stealth        | |  4.7
Hexes          | |  3.9
Ice Magic      | |  0.4

Action                   || total
-------------------------++-------
Melee: Dagger            ||    70
       Punch             ||     1
 Cast: Ensorcelled Hiber ||     3
 Stab: Sleeping          ||     5
Armor: Robe              ||     6
Dodge: Dodged            ||    54

Table legend: (Time is in decaauts)
 A = Elapsed time spent in this place.
 B = Non-inter-level travel time spent in this place.
 C = Inter-level travel time spent in this place.
 D = Time resting spent in this place.
 E = Time spent auto-exploring this place.
 F = Levels seen in this place.
 G = Mean time per level.
                   A        B        C        D        E       F      G
               +--------+--------+--------+--------+--------+-----+--------+
         Total |   1198 |   1182 |     16 |    152 |    880 |   2 |  599.0 |
       Dungeon |   1198 |   1182 |     16 |    152 |    880 |   2 |  599.0 |
               +--------+--------+--------+--------+--------+-----+--------+

Top non-repeatable levels by time:
     D:1: 1115 daAuts
     D:2: 83 daAuts
